 Dungeon Crawl Stone Soup version 0.26-a0-631-ged93497179 (webtiles) character file.

Game seed: 10415652116233731663

4350 Drevant2 the Frost Mage (level 10, -2/63 HPs)
             Began as a Barachi Ice Elementalist on Sept 13, 2020.
             Was a Follower of Vehumet.
             Shot with an arrow by a centaur (14 damage)
             ... on level 10 of the Dungeon.
             The game lasted 00:43:17 (16239 turns).

Drevant2 the Frost Mage (Barachi Ice Elementalist) Turns: 16239, Time: 00:43:18

Health: -2/63      AC:  3    Str: 11    XL:     10   Next: 34%
Magic:  17/17      EV: 17    Int: 18    God:    Vehumet [*.....]
Gold:   410        SH:  0    Dex: 12    Spells: 8/19 levels left

rFire    . . .     SeeInvis .   z - +3 rapier (drain)
rCold    . . .     Faith    .   (no shield)
rNeg     . . .     Spirit   .   G - +0 robe (curse)
rPois    .         Reflect  .   (no helmet)
rElec    .         Harm     .   (no cloak)
rCorr    .         Rampage  .   o - +0 pair of gloves
MR       .....                  (no boots)
Stlth    ++........             m - amulet of magic regeneration
HPRegen  0.20/turn              t - ring of wizardry
MPRegen  0.40/turn              u - +4 ring of evasion

@: slow
A: +LOS, swims, slowness 1, strong legs 1
a: Hop, Renounce Religion


You were on level 10 of the Dungeon.
You worshipped Vehumet.
Vehumet was aware of your devotion.
You visited 2 branches of the dungeon, and saw 11 of its levels.

You collected 410 gold pieces.

Inventory:

Hand Weapons
 b - a +0 dagger
 g - a cursed +0 short sword
 l - a +0 falchion
 z - a +3 rapier of draining (weapon)
Missiles
 k - 297 stones (quivered)
Armour
 a - a +0 robe
 o - a +0 pair of gloves (worn)
 v - a +0 cloak
 C - a +0 helmet
 G - a cursed +0 robe (worn)
Jewellery
 m - an amulet of magic regeneration (around neck)
 t - a ring of wizardry (left hand)
 u - a +4 ring of evasion (right hand)
 D - an uncursed ring of resist corrosion {unknown}
 E - a cursed -4 ring of intelligence {unknown}
Wands
 n - a wand of polymorph (16)
 B - a wand of flame (31)
 F - a wand of paralysis (11)
 H - a wand of random effects (15)
Scrolls
 c - 3 scrolls of fog
 d - 4 scrolls of amnesia {unknown}
 e - 7 scrolls of identify
 h - 3 scrolls of enchant weapon {unknown}
 i - 5 scrolls of enchant armour {unknown}
 p - 6 scrolls of remove curse
 r - a scroll of blinking {unknown}
 w - 2 scrolls of fear {unknown}
 x - a scroll of magic mapping {unknown}
 y - a scroll of teleportation
Potions
 f - 4 potions of curing
 j - 2 potions of cancellation
 q - 2 potions of mutation {unknown}
 s - 3 potions of stabbing
 A - 2 potions of flight {unknown}


   Skills:
 + Level 1.9 Short Blades
 + Level 3.1 Dodging
 - Level 1.7 Stealth
 + Level 5.0 Spellcasting
 - Level 9.0 Conjurations
 + Level 13.4 Ice Magic


You had 8 spell levels left.
You knew the following spells:

 Your Spells              Type           Power        Failure   Level
a - Freeze                Ice            ####         1%          1
b - Ozocubu's Armour      Ice            ######..     1%          3
c - Hailstorm             Conj/Ice       #####...     1%          4
d - Frozen Ramparts       Ice            ######       1%          3

Your spell library contained the following spells:

 Spells                   Type           Power        Failure   Level
 Foxfire                  Conj/Fire      ###.         1%          1
 Ice Form                 Ice/Tmut       ####....     3%          4
 Summon Ice Beast         Ice/Summ       ####....     3%          4
 Beastly Appendage        Tmut           #.....       5%          1
 Wereblood                Tmut           #.......     9%          2
 Spider Form              Tmut/Pois      #.........   16%         3
 Blade Hands              Tmut           #.........   78%         5


Dungeon Overview and Level Annotations

Branches:
Dungeon (10/15)            Temple (1/1) D:6
   Lair: D:8-11         Orc: D:9-12

Altars:
Ashenzari
Cheibriados
Dithmenos
Elyvilon
Fedhas
Gozag
Hepliaklqana
Kikubaaqudgha
Makhleb
Nemelex Xobeh
Okawaru
Qazlal
Ru
Sif Muna
Trog
Uskayaw
Vehumet
Wu Jian
Xom
Yredelemnul
Zin
The Shining One

Annotations:
D:7 Menkaure


Innate Abilities, Weirdness & Mutations

You can be seen from farther away. (+LOS)
You can swim through water.
You cover ground slowly.
You can hop short distances.


Message History

Found 19 sling bullets.
p - 6 scrolls of remove curse (gained 1)
Things that are here:
a +0 falchion; a +0 ring mail; an orc corpse
Things that are here:
a +0 club; a +0 ring mail; an orc corpse The centaur wields a +0 shortbow.
The centaur shoots an arrow.
The arrow barely misses you.
The centaur shoots an arrow.
The arrow hits you!
You see here an arrow.
The centaur shoots an arrow.
The arrow hits you!
The centaur shoots an arrow.
The arrow hits you!
You see here 2 arrows.
The centaur shoots an arrow.
The arrow hits you!
* * * LOW HITPOINT WARNING * * *
You see here an arrow.
The centaur shoots an arrow.
The arrow hits you.
* * * LOW HITPOINT WARNING * * *
The centaur shoots an arrow.
The arrow hits you!
You die...

#.#........##.......
#)#........c........
#.#...)....#........
#.#....)............
#.#.....)........##.
#.#..(.....#....##
#.####(###......#
##.##.(.# ..........
#...@(####..........
#.....# ...........
#.....# #...........
#.....# (...........
#....###.#.....[....
#.<..# #.#..........
#.)..# #....# #...>#


You could see a centaur.

Vanquished Creatures
  Pikel (D:8)
  A troll (D:10)
  2 hippogriffs
  A wyvern (D:7)
  A water moccasin (D:9)
  An ice beast (D:7)
  2 orc warriors
  2 sky beasts (D:9)
  A black bear (D:6)
  2 ogres
  4 centaurs
  A crocodile (D:9)
  A lemure (D:8)
  5 bullfrogs
  4 killer bees (D:8)
  2 scorpions
  A howler monkey (D:9)
  A bullfrog zombie (D:9)
  Crazy Yiuf (D:4)
  5 hounds
  A centaur skeleton (D:9)
  2 orc priests
  7 orc wizards
  4 iguanas
  Natasha (twice) (D:4)
  8 worker ants
  A hound zombie (D:8)
  A killer bee simulacrum (D:8)
  Robin (D:4)
  10 gnolls
  16 adders
  2 white imps (D:9)
  An ufetubus (D:7)
  An adder skeleton (D:4)
  An adder zombie (D:5)
  2 worms
  2 dart slugs (D:3)
  6 leopard geckos
  22 orcs
  5 bats
  4 giant cockroaches
  20 goblins
  12 hobgoblins
  2 jackals (D:1)
  14 kobolds
  7 quokkas
  A ball python skeleton (D:4)
  4 frilled lizards
  2 leopard gecko skeletons
  A quokka skeleton (D:4)
  11 rats
212 creatures vanquished.

Vanquished Creatures (others)
  2 fungi (D:4)
2 creatures vanquished.

Grand Total: 214 creatures vanquished

Notes
Turn   | Place    | Note
-------+----------+-------------------------------------------
     0 | D:1      | Drevant2 the Barachi Ice Elementalist began the quest for
                  | the Orb.
     0 | D:1      | Reached XP level 1. HP: 13/13 MP: 3/3
    53 | D:1      | Reached skill level 5 in Ice Magic
   162 | D:1      | Reached XP level 2. HP: 8/19 MP: 3/5
   750 | D:1      | Reached XP level 3. HP: 22/24 MP: 6/6
   755 | D:1      | Learned a level 3 spell: Ozocubu's Armour
   798 | D:1      | Reached skill level 6 in Ice Magic
  1652 | D:2      | Reached XP level 4. HP: 7/30 MP: 1/7
  2131 | D:2      | Reached skill level 7 in Ice Magic
  3304 | D:3      | Reached XP level 5. HP: 35/35 MP: 4/8
  5095 | D:3      | Learned a level 4 spell: Hailstorm
  5569 | D:3      | Reached skill level 8 in Ice Magic
  5572 | D:3      | Reached XP level 6. HP: 41/41 MP: 1/10
  5795 | D:3      | Reached skill level 1 in Conjurations
  5829 | D:3      | Learned a level 3 spell: Frozen Ramparts
  6718 | D:4      | Reached XP level 7. HP: 29/46 MP: 7/12
  6912 | D:4      | Noticed Natasha
  6927 | D:4      | Killed Natasha
  7566 | D:5      | Entered Level 5 of the Dungeon
  8439 | D:4      | Noticed Robin
  8441 | D:4      | Reached skill level 5 in Conjurations
  8446 | D:4      | Killed Robin
  8765 | D:4      | Noticed Natasha
  8777 | D:4      | Killed Natasha
  8779 | D:4      | Reached XP level 8. HP: 30/52 MP: 7/14
  9145 | D:4      | Found a runed translucent door.
  9146 | D:4      | Noticed Crazy Yiuf
  9153 | D:4      | Killed Crazy Yiuf
  9466 | D:6      | Reached skill level 9 in Ice Magic
  9506 | D:6      | Found a staircase to the Ecumenical Temple.
  9938 | D:6      | Found a bloodstained altar of Trog.
 10070 | Temple   | Entered the Ecumenical Temple
 10182 | Temple   | Became a worshipper of Vehumet
 10414 | D:6      | Reached skill level 10 in Ice Magic
 10959 | D:7      | Noticed a wyvern
 10965 | D:7      | Killed a wyvern
 11130 | D:7      | Reached XP level 9. HP: 45/57 MP: 11/15
 11329 | D:7      | Noticed Menkaure
 11448 | D:7      | Noticed Pikel
 11482 | D:8      | Reached skill level 11 in Ice Magic
 11652 | D:8      | Killed Pikel
 12476 | D:8      | Found a sacrificial altar of Ru.
 12476 | D:8      | Found a stormy altar of Qazlal.
 12476 | D:8      | Noticed a six-headed hydra
 12502 | D:8      | Reached skill level 12 in Ice Magic
 12966 | D:8      | Found a glowing golden altar of the Shining One.
 14435 | D:9      | Reached XP level 10. HP: 48/63 MP: 11/16
 14524 | D:9      | Reached skill level 13 in Ice Magic
 14664 | D:9      | Reached * piety under Vehumet
 14664 | D:9      | Offered knowledge of Foxfire by Vehumet.
 15522 | D:9      | Reached skill level 1 in Short Blades
 15793 | D:10     | Entered Level 10 of the Dungeon
 16149 | D:10     | Reached skill level 5 in Spellcasting
 16239 | D:10     | Shot with an arrow by a centaur

Illustrated notes

Levels and vault maps discovered:
D:1:      dpeg_arrival_connections, layout_rooms
D:2:      layout_basic, st_stairs_4, hex_intersection
D:3:      layout_loops_ring, minmay_fractal_squares_diagonal_5
D:4:      layout_gridville, uniq_natasha, uniq_robin, uniq_crazy_yiuf_cottage
D:5:      layout_rooms, bh_walls_and_bars
D:6:      layout_loops_ring, minmay_temple_entry_drinking_statues,
          minmay_misc_feat_five, trog_hazing_becter
D:7:      layout_loops_cross, uniq_menkaure, uniq_pikel
D:8:      layout_rooms, overflow_temple_1_default, jmf_multi_god_temple
D:9:      layout_irregular_city
D:10:     layout_rooms, minmay_increasing_density
Temple:   kilobyte_greek_temple

Skill      XL: |  1  2  3  4  5  6  7  8  9 10 |
---------------+-------------------------------+-----
Ice Magic      | 5 6 7 8 10 12 13 | 13.4
Spellcasting   | 3 4 5 |  5.0
Conjurations   | 3 5 7 8 9 |  9.0
Short Blades   | 1 |  1.9
Dodging        | 3 |  3.1
Stealth        | |  1.7

Action                   |  1- 3 |  4- 6 |  7- 9 | 10-12 || total
-------------------------+-------+-------+-------+-------++-------
Melee: Dagger            |    77 |     5 |       |       ||    82
       Falchion          |       |   144 |    69 |       ||   213
       Rapier            |       |       |   106 |    22 ||   128
 Cast: Freeze            |    28 |    61 |    65 |    24 ||   178
       Ozocubu's Armour  |       |     6 |    14 |     1 ||    21
       Frozen Ramparts   |       |     4 |    24 |     7 ||    35
       Hailstorm         |       |       |       |     8 ||     8
 Abil: Hop               |       |       |     1 |       ||     1
  Use: Scroll            |       |     3 |     6 |       ||     9
       Potion            |       |     2 |     2 |       ||     4
 Stab: Sleeping          |       |     6 |     1 |       ||     7
       Distracted        |       |       |     1 |       ||     1
Armor: Robe              |    22 |    37 |    70 |     8 ||   137
Dodge: Dodged            |    99 |   177 |   176 |    34 ||   486
       Rpst.: Falchion   |       |    49 |    24 |       ||    73

Table legend: (Time is in decaauts)
 A = Elapsed time spent in this place.
 B = Non-inter-level travel time spent in this place.
 C = Inter-level travel time spent in this place.
 D = Time resting spent in this place.
 E = Time spent auto-exploring this place.
 F = Levels seen in this place.
 G = Mean time per level.
                   A        B        C        D        E       F      G
               +--------+--------+--------+--------+--------+-----+--------+
         Total |  17477 |  16083 |   1394 |   8634 |   4700 |  11 | 1588.8 |
       Dungeon |  17294 |  15931 |   1363 |   8634 |   4582 |  10 | 1729.4 |
        Temple |    182 |    151 |     31 |      0 |    118 |   1 |  182.0 |
               +--------+--------+--------+--------+--------+-----+--------+

Top non-repeatable levels by time:
     D:4: 3288 daAuts
     D:9: 2603 daAuts
     D:3: 2565 daAuts
     D:2: 1959 daAuts
     D:1: 1828 daAuts
     D:7: 1681 daAuts
     D:6: 1475 daAuts
     D:8: 1307 daAuts
     D:5: 377 daAuts
    D:10: 208 daAuts
  Temple: 182 daAuts
